AoeStats
← Mommy ;D

Nomad

507920158Analyzed
2v2 RM · 13d ago on Sep 20, 2026· 37m 33s· 4 players
Game mode
Random Map
Map size
176×176
Population
200
Speed
Normal
Resources
Standard
Victory
Conquest
Starting age
Dark Age
Ending age
Imperial Age
RankedLock teamsTeams togetherTeam positionsShared explorationLock speedFull tech treeHidden civsTurbo modeCheats
Victory
Defeat
🇨🇳 Burmese · China
776
+18
🇹🇷 Romans · Türkiye
749
+19
🇺🇾 Vietnamese · Uruguay
832
-19
🇭🇷 Malians · Croatia
806
-18
Nick76Luo
ozgurulas90
6:44 Loom
16:39 Feudal Age
17:33 Fishing Lines
17:59 Man-at-Arms
18:41 Gold Mining
18:44 Double-Bit Axe
19:20 Horse Collar
19:59 Scale Mail Armor
21:53 Forging
27:20 Castle Age
30:44 Iron Casting
29:54 Pikeman
34:28 Scale Barding Armor
35:39 Chain Barding Armor
ezecayaffa1998
Mommy ;D
11:08 Loom
14:20 Feudal Age
15:27 Gold Mining
19:43 Horse Collar
20:53 Double-Bit Axe
25:46 Castle Age
27:27 Wheelbarrow
26:55 Stone Mining
32:49 Bow Saw
36:40 Coinage
Connection lost

Rejoining the realm…

Still unreachable

The connection could not be restored.

Session expired

The server has moved on; the page needs a fresh start.